Machettes vs National

Created - 23 février 2013 at 19:26

Goals
1 2 3 T
Machettes 0 2 0 2
National 0 1 0 1
Shots
1 2 3 T
Machettes 9 11 13 33
National 4 14 11 29

1st period

No Goal

Penalties :
Maksim Mayorov (Que) for Tripping (Minor) at 0:49, Stephane Da Costa (CLM) for Holding Stick (Minor) at 0:49, Angelo Esposito (CLM) for Elbowing (Minor) at 14:07, Alex Plante (CLM) for Interference (Minor) at 16:35

2nd period

1. Machettes , John Mitchell 16 (Pavel Vorobiev, Brad Winchester) at 1:38
2. National , Igor Makarov 10 (Rico Fata, Jan Hejda) at 13:02
3. Machettes , Matt Keith 8 (Andrew Orpik) at 15:43

Penalties :
Mathieu Carle (Que) for Tripping (Minor) at 5:13, John Mitchell (CLM) for Hooking (Minor) at 5:13, Jarod Palmer (Que) for Hooking (Minor) at 9:57, Mathieu Carle (Que) for Roughing (Minor) at 17:44

3rd period

No Goal

Penalties :
James Marcou (Que) for Hooking (Minor) at 13:47

Goalie Stats

Mathieu Garon (CLM), 28 saves from 29 shots - (0,966), W, 15-9-4, 60:00 minutes
Steve Shields (Que), 31 saves from 33 shots - (0,939), L, 9-15-5, 59:10 minutes

Players Stats for Machettes

Player Name              G  A  P  +/- PIM S  H  SB GA TA FO     MP     PP MP  PK MP  
------------------------------------------------------------------------------------
Alec Martinez            0  0  0   0  0   0  0  0  0  0  0/0    10:29   0:00   0:00 
Alex Plante              0  0  0   0  2   1  0  0  0  0  0/0    10:46   0:00   0:00 
Andrew Orpik             0  1  1   1  0   3  0  1  0  1  0/0    20:44   2:36   1:27 
Angelo Esposito          0  0  0   0  2   0  0  0  0  0  1/3     7:17   0:00   0:00 
Ben Blood                0  0  0   0  0   0  0  0  0  0  0/0     3:12   0:00   0:00 
Brad Winchester          0  1  1   1  0   6  1  0  0  1  4/7    23:06   3:23   2:14 
Cory Emmerton            0  0  0   0  0   0  3  1  0  0  2/3    14:52   2:33   0:00 
Dustin Jeffrey           0  0  0   0  0   1  0  0  0  0  0/0     6:52   0:00   0:00 
James Wisniewski         0  0  0   1  0   4  1  3  0  1  0/0    20:44   2:36   1:27 
John Mitchell            1  0  1   1  2   2  0  1  0  0  15/27  20:15   3:23   0:00 
Luca Caputi              0  0  0   0  0   0  0  0  0  0  0/0     0:00   0:00   0:00 
Matt Keith               1  0  1   0  0   3  1  0  0  0  0/0     8:33   0:01   0:00 
Michal Repik             0  0  0   0  0   0  0  0  0  0  0/0     0:00   0:00   0:00 
Mike Lundin              0  0  0   0  0   2  4  1  1  3  0/0    28:47   3:21   2:31 
Pavel Vorobiev           0  1  1   1  0   5  4  0  1  2  1/3    24:12   3:23   2:12 
Peter Olvecky            0  0  0   0  0   1  3  1  0  0  0/0    16:55   2:33   0:24 
Stefan Ruzicka           0  0  0   0  0   2  3  1  1  0  2/4    18:03   2:33   1:13 
Stephane Da Costa        0  0  0   0  2   0  0  0  0  1  2/3    10:15   0:00   0:40 
Steven Goertzen          0  0  0   0  0   3  1  1  0  0  0/0    11:30   0:01   1:13 
Tom Gilbert              0  0  0   0  0   0  2  2  0  0  0/0    25:35   3:21   2:31 
Tyler McNeely            0  0  0   0  0   0  1  0  0  0  0/0     9:53   0:01   0:00 

Players Stats for National

Player Name              G  A  P  +/- PIM S  H  SB GA TA FO     MP     PP MP  PK MP  
------------------------------------------------------------------------------------
Alex Grant               0  0  0   0  0   0  0  0  0  0  0/0     3:27   0:00   0:28 
Ben Maxwell              0  0  0   1  0   1  2  1  1  0  1/2    14:47   0:03   0:50 
Cédric Lalonde-McNicoll  0  0  0  -2  0   0  2  1  0  0  13/24  17:57   1:57   0:00 
Daniel Rahimi            0  0  0   0  0   2  0  0  0  0  0/0    13:18   0:00   0:00 
Dustin Kohn              0  0  0  -1  0   4  0  3  0  0  0/0    22:28   1:58   3:08 
Eric Boulton             0  0  0  -2  0   8  2  0  0  0  1/7    24:47   1:57   3:15 
Guillaume Desbiens       0  0  0  -2  0   6  4  1  2  0  2/3    22:05   1:57   1:52 
Igor Makarov             1  0  1   1  0   2  0  0  0  0  1/1    18:49   1:58   1:15 
James Marcou             0  0  0   0  2   0  1  1  0  0  0/0    14:57   0:03   1:06 
Jan Hejda                0  1  1   0  0   2  3  7  1  1  0/0    26:59   2:00   3:04 
Jarod Palmer             0  0  0   0  2   1  0  0  0  0  5/11   16:37   1:58   0:00 
Maksim Mayorov           0  0  0   0  2   1  0  0  0  0  0/1     8:14   0:00   0:21 
Mathieu Carle            0  0  0   0  4   1  2  1  2  0  0/0    22:11   2:00   1:55 
Peter Leblanc            0  0  0   0  0   0  0  0  0  0  0/0     0:18   0:00   0:00 
Philip DeSimone          0  0  0   0  0   0  2  0  0  0  0/0     7:35   0:03   0:00 
Rico Fata                0  1  1   1  0   1  3  1  3  2  0/1    22:11   1:58   3:00 
Ty Wishart               0  0  0  -1  0   0  0  0  0  0  0/0    21:38   1:58   2:43 
Yuri Alexandrov          0  0  0   0  0   0  0  0  0  0  0/0    11:42   0:00   0:51 

3 Stars

1 - Mathieu Garon (CLM)
2 - Pavel Vorobiev (CLM)
3 - Igor Makarov (Que)

Power Play

Machettes - 0 on 3 Attempt(s) - 0,00%
National - 0 on 2 Attempt(s) - 0,00%

Penalty Kill

Machettes - 2 on 2 Attempt(s) - 100,00% - Score 0 goal in Penalty Kill
National - 3 on 3 Attempt(s) - 100,00% - Score 0 goal in Penalty Kill

Official

Referees : Sutherland Kelly and LaRue Dennis
Linesman : Andy McElman and Jean Morin

Game Notes

Maksim Mayorov is injured at 16:49 of 2nd period (Sprained Left Knee)

Machettes

5 vs 5 Forward 
   Center                   Left Wing                Right Wing               Time % Phy DF OF 
 1 John Mitchell            Brad Winchester          Pavel Vorobiev           40     1   2  2  
 2 Cory Emmerton            Peter Olvecky            Stefan Ruzicka           30     1   2  2  
 3 Stephane Da Costa        Tyler McNeely            Steven Goertzen          20     1   2  2  
 4 Angelo Esposito          Dustin Jeffrey           Matt Keith               10     1   2  2  

5 vs 5 Defense 
   Defense                  Defense                                           Time % Phy DF OF 
 1 Mike Lundin              Tom Gilbert                                       40     1   2  2  
 2 James Wisniewski         Andrew Orpik                                      30     1   2  2  
 3 Alec Martinez            Alex Plante                                       20     1   2  2  
 4 Ben Blood                Mike Lundin                                       10     1   2  2  

PowerPlay Forward 
   Center                   Left Wing                Right Wing               Time % Phy DF OF 
 1 John Mitchell            Brad Winchester          Pavel Vorobiev           60     1   2  2  
 2 Cory Emmerton            Peter Olvecky            Stefan Ruzicka           40     1   2  2  

PowerPlay Defense
   Defense                  Defense                                           Time % Phy DF OF 
 1 Mike Lundin              Tom Gilbert                                       60     1   2  2  
 2 James Wisniewski         Andrew Orpik                                      40     1   2  2  

Penalty Kill 4 Players Forward 
   Center                   Wing                     Time % Phy DF OF 
 1 Brad Winchester          Pavel Vorobiev           60     1   2  2  
 2 Stefan Ruzicka           Steven Goertzen          40     1   2  2  

Penalty Kill 4 Players Defense
   Defense                  Defense                  Time % Phy DF OF 
 1 Mike Lundin              Tom Gilbert              60     1   2  2  
 2 James Wisniewski         Andrew Orpik             40     1   2  2  

Penalty Kill - 3 Players Forward 
   Forward                                           Time % Phy DF OF 
 1 Brad Winchester                                   60     1   2  2  
 2 Pavel Vorobiev                                    40     1   2  2  

Penalty Kill - 3 Players Defense
   Defense                  Defense                  Time % Phy DF OF 
 1 Mike Lundin              Tom Gilbert              60     1   2  2  
 2 James Wisniewski         Andrew Orpik             40     1   2  2  

4 vs 4 Forward 
   Center                   Wing                     Time % Phy DF OF 
 1 Brad Winchester          Pavel Vorobiev           60     1   2  2  
 2 Stefan Ruzicka           Steven Goertzen          40     1   2  2  

4 vs 4 Defense
   Defense                  Defense                  Time % Phy DF OF 
 1 Mike Lundin              Tom Gilbert              60     1   2  2  
 2 James Wisniewski         Andrew Orpik             40     1   2  2  

Last Minutes Offensive
   Center                   Left Wing                Right Wing               Defense                  Defense                  
   John Mitchell            Brad Winchester          Pavel Vorobiev           Mike Lundin              Tom Gilbert              

Last Minutes Defensive
   Center                   Left Wing                Right Wing               Defense                  Defense                  
   John Mitchell            Brad Winchester          Pavel Vorobiev           Mike Lundin              Tom Gilbert              

Goaltenders
Starting : Mathieu Garon            
Backup : Marek Schwarz            

Extra Forwards
Normal : Matt Keith, Tyler McNeely, Stephane Da Costa - PP : Matt Keith, Tyler McNeely - PK : Stephane Da Costa
Extra Defensemen
Normal : Alec Martinez, Alex Plante, Ben Blood - PP : Alec Martinez - PK : Alex Plante, Ben Blood
Penalty Shots
Brad Winchester, Pavel Vorobiev, Stefan Ruzicka, Steven Goertzen, Matt Keith

National

5 vs 5 Forward 
   Center                   Left Wing                Right Wing               Time % Phy DF OF 
 1 Cédric Lalonde-McNicoll  Eric Boulton             Guillaume Desbiens       40     1   2  2  
 2 Jarod Palmer             Rico Fata                Igor Makarov             30     1   2  2  
 3 Ben Maxwell              Maksim Mayorov           James Marcou             20     1   2  2  
 4 Philip DeSimone          Eric Boulton             Rico Fata                10     1   2  2  

5 vs 5 Defense 
   Defense                  Defense                                           Time % Phy DF OF 
 1 Jan Hejda                Mathieu Carle                                     40     1   2  2  
 2 Dustin Kohn              Ty Wishart                                        30     1   2  2  
 3 Daniel Rahimi            Yuri Alexandrov                                   20     1   2  2  
 4 Alex Grant               Jan Hejda                                         10     1   2  2  

PowerPlay Forward 
   Center                   Left Wing                Right Wing               Time % Phy DF OF 
 1 Cédric Lalonde-McNicoll  Eric Boulton             Guillaume Desbiens       60     1   2  2  
 2 Jarod Palmer             Rico Fata                Igor Makarov             40     1   2  2  

PowerPlay Defense
   Defense                  Defense                                           Time % Phy DF OF 
 1 Jan Hejda                Mathieu Carle                                     60     1   2  2  
 2 Dustin Kohn              Ty Wishart                                        40     1   2  2  

Penalty Kill 4 Players Forward 
   Center                   Wing                     Time % Phy DF OF 
 1 Eric Boulton             Rico Fata                60     1   2  2  
 2 Guillaume Desbiens       Igor Makarov             40     1   2  2  

Penalty Kill 4 Players Defense
   Defense                  Defense                  Time % Phy DF OF 
 1 Jan Hejda                Mathieu Carle            60     1   2  2  
 2 Dustin Kohn              Ty Wishart               40     1   2  2  

Penalty Kill - 3 Players Forward 
   Forward                                           Time % Phy DF OF 
 1 Eric Boulton                                      60     1   2  2  
 2 Rico Fata                                         40     1   2  2  

Penalty Kill - 3 Players Defense
   Defense                  Defense                  Time % Phy DF OF 
 1 Jan Hejda                Mathieu Carle            60     1   2  2  
 2 Dustin Kohn              Ty Wishart               40     1   2  2  

4 vs 4 Forward 
   Center                   Wing                     Time % Phy DF OF 
 1 Eric Boulton             Rico Fata                60     1   2  2  
 2 Guillaume Desbiens       Igor Makarov             40     1   2  2  

4 vs 4 Defense
   Defense                  Defense                  Time % Phy DF OF 
 1 Jan Hejda                Mathieu Carle            60     1   2  2  
 2 Dustin Kohn              Ty Wishart               40     1   2  2  

Last Minutes Offensive
   Center                   Left Wing                Right Wing               Defense                  Defense                  
   Cédric Lalonde-McNicoll  Eric Boulton             Guillaume Desbiens       Jan Hejda                Mathieu Carle            

Last Minutes Defensive
   Center                   Left Wing                Right Wing               Defense                  Defense                  
   Cédric Lalonde-McNicoll  Eric Boulton             Guillaume Desbiens       Jan Hejda                Mathieu Carle            

Goaltenders
Starting : Steve Shields            
Backup : Jeff Frazee              

Extra Forwards
Normal : Ben Maxwell, Philip DeSimone, James Marcou - PP : Ben Maxwell, Philip DeSimone - PK : James Marcou
Extra Defensemen
Normal : Daniel Rahimi, Yuri Alexandrov, Alex Grant - PP : Daniel Rahimi - PK : Yuri Alexandrov, Alex Grant
Penalty Shots
Eric Boulton, Rico Fata, Guillaume Desbiens, Igor Makarov, Cédric Lalonde-McNicoll

% Time on Ice - Machettes

Lines # - Real PCT - Wanted PCT - Time Play
Normal Forward
1 - 35% - 40% - 15:42
2 - 31% - 30% - 14:06
3 - 18% - 20% - 8:14
4 - 15% - 10% - 6:52
Normal Defense
1 - 36% - 40% - 15:57
2 - 34% - 30% - 15:16
3 - 23% - 20% - 10:29
4 - 7% - 10% - 3:12
PP Forward
1 - 57% - 60% - 3:24
2 - 43% - 40% - 2:33
PP Defense
1 - 56% - 60% - 3:21
2 - 44% - 40% - 2:36
PK Forward
1 - 69% - 60% - 2:45
2 - 31% - 40% - 1:13
PK Defense
1 - 63% - 60% - 2:31
2 - 37% - 40% - 1:27
PK3 Forward
1 - 0% - 60%
2 - 0% - 40%
PK3 Defense
1 - 0% - 60%
2 - 0% - 40%
44 Forward
1 - 62% - 60% - 2:27
2 - 38% - 40% - 1:31
44 Defense
1 - 64% - 60% - 2:33
2 - 36% - 40% - 1:25
Last Minute Offensive  - 0:00
Last Minute Defensive  - 1:13
Total
Forward - 60:00
Defense - 60:00

% Time on Ice - National

Lines # - Real PCT - Wanted PCT - Time Play
Normal Forward
1 - 36% - 40% - 16:05
2 - 34% - 30% - 15:11
3 - 28% - 20% - 12:37
4 - 2% - 10% - 1:04
Normal Defense
1 - 37% - 40% - 16:40
2 - 34% - 30% - 15:14
3 - 24% - 20% - 10:36
4 - 5% - 10% - 2:27
PP Forward
1 - 50% - 60% - 2:00
2 - 50% - 40% - 1:58
PP Defense
1 - 50% - 60% - 2:00
2 - 50% - 40% - 1:58
PK Forward
1 - 79% - 60% - 4:42
2 - 21% - 40% - 1:15
PK Defense
1 - 54% - 60% - 3:14
2 - 46% - 40% - 2:43
PK3 Forward
1 - 0% - 60%
2 - 0% - 40%
PK3 Defense
1 - 0% - 60%
2 - 0% - 40%
44 Forward
1 - 60% - 60% - 2:23
2 - 40% - 40% - 1:35
44 Defense
1 - 57% - 60% - 2:15
2 - 43% - 40% - 1:43
Last Minute Offensive  - 1:10
Last Minute Defensive  - 0:00
Total
Forward - 60:00
Defense - 60:00

Play by Play

1st period


0:01 of 1st period - Cédric Lalonde-McNicoll wins face-off versus John Mitchell in neutral zone.
0:31 of 1st period - Tom Gilbert is hit by Rico Fata and loses puck.
0:49 of 1st period - Minor Penalty to Maksim Mayorov for Tripping.
0:49 of 1st period - Minor Penalty to Stephane Da Costa for Holding Stick.
0:50 of 1st period - Brad Winchester wins face-off versus Eric Boulton in National zone.
0:59 of 1st period - Snap shot by Pavel Vorobiev.
0:59 of 1st period - Shot Blocked by Jan Hejda.
1:01 of 1st period - Snap shot by Brad Winchester.
1:01 of 1st period - Shot Misses the Net.
1:03 of 1st period - Wrist shot by Pavel Vorobiev.
1:03 of 1st period - Shot Misses the Net.
1:05 of 1st period - Snap shot by Tom Gilbert.
1:05 of 1st period - Shot Blocked by Jan Hejda.
1:15 of 1st period - Snap shot by Steven Goertzen.
1:15 of 1st period - Shot Misses the Net.
1:21 of 1st period - Snap shot by Stefan Ruzicka.
1:21 of 1st period - Shot Blocked by Jan Hejda.
2:02 of 1st period - Icing by Mike Lundin.
2:03 of 1st period - Brad Winchester wins face-off versus Guillaume Desbiens in Machettes zone.
2:39 of 1st period - Slapshot by Tom Gilbert.
2:39 of 1st period - Deflect By Stefan Ruzicka.
2:39 of 1st period - Shot Blocked by Dustin Kohn.
2:39 of 1st period - Puck is out of play.
2:40 of 1st period - Guillaume Desbiens wins face-off versus Stefan Ruzicka in National zone.
2:45 of 1st period - Snap shot by Jan Hejda.
2:45 of 1st period - Shot Blocked by James Wisniewski.
2:49 of 1st period - Penalty to Maksim Mayorov is over, Maksim Mayorov is back on ice.
2:49 of 1st period - Penalty to Stephane Da Costa is over, Stephane Da Costa is back on ice.
2:53 of 1st period - Snap shot by Steven Goertzen.
2:53 of 1st period - Stopped by Steve Shields without a rebound.
2:54 of 1st period - John Mitchell wins face-off versus Cédric Lalonde-McNicoll in National zone.
2:59 of 1st period - Slapshot by Brad Winchester.
2:59 of 1st period - Stopped by Steve Shields with a rebound.
3:01 of 1st period - Slapshot by James Wisniewski.
3:01 of 1st period - Stopped by Steve Shields without a rebound.
3:02 of 1st period - Guillaume Desbiens wins face-off versus John Mitchell in National zone.
3:53 of 1st period - Snap shot by Rico Fata.
3:53 of 1st period - Shot Misses the Net.
6:00 of 1st period - Icing by Alec Martinez.
6:01 of 1st period - Igor Makarov wins face-off versus Pavel Vorobiev in Machettes zone.
6:04 of 1st period - Snap shot by Rico Fata.
6:04 of 1st period - Shot Misses the Net.
6:43 of 1st period - Igor Makarov is hit by Pavel Vorobiev and loses puck.
7:00 of 1st period - Mike Lundin is hit by Eric Boulton and loses puck.
7:32 of 1st period - Snap shot by Brad Winchester.
7:32 of 1st period - Shot Blocked by Jan Hejda.
7:34 of 1st period - Snap shot by Pavel Vorobiev.
7:34 of 1st period - Shot Misses the Net.
7:36 of 1st period - Backhand shot by Alec Martinez.
7:36 of 1st period - Shot Misses the Net.
7:38 of 1st period - Slapshot by Alec Martinez.
7:38 of 1st period - Shot Blocked by Jan Hejda.
7:54 of 1st period - Snap shot by Steven Goertzen.
7:54 of 1st period - Shot Blocked by Mathieu Carle.
8:33 of 1st period - Slapshot by Steven Goertzen.
8:33 of 1st period - Shot Misses the Net.
8:35 of 1st period - Slapshot by Brad Winchester.
8:35 of 1st period - Stopped by Steve Shields with a rebound.
8:59 of 1st period - Snap shot by Dustin Jeffrey.
8:59 of 1st period - Stopped by Steve Shields without a rebound.
9:00 of 1st period - Cédric Lalonde-McNicoll wins face-off versus John Mitchell in National zone.
9:13 of 1st period - Rico Fata is hit by Peter Olvecky and loses puck.
9:28 of 1st period - Snap shot by Guillaume Desbiens.
9:28 of 1st period - Shot Blocked by James Wisniewski.
9:38 of 1st period - Snap shot by Pavel Vorobiev.
9:38 of 1st period - Stopped by Steve Shields with a rebound.
9:40 of 1st period - Snap shot by James Wisniewski.
9:40 of 1st period - Shot Misses the Net.
9:42 of 1st period - Slapshot by Pavel Vorobiev.
9:42 of 1st period - Shot Misses the Net.
9:44 of 1st period - Slapshot by Andrew Orpik.
9:44 of 1st period - Stopped by Steve Shields with a rebound.
9:58 of 1st period - Tyler McNeely is hit by Guillaume Desbiens and loses puck.
10:18 of 1st period - Peter Olvecky is hit by Philip DeSimone and loses puck.
10:31 of 1st period - Snap shot by Stefan Ruzicka.
10:31 of 1st period - Shot Blocked by Ben Maxwell.
11:45 of 1st period - Icing by Stephane Da Costa.
11:46 of 1st period - Stephane Da Costa wins face-off versus Cédric Lalonde-McNicoll in Machettes zone.
11:51 of 1st period - Snap shot by Guillaume Desbiens.
11:51 of 1st period - Shot Blocked by Steven Goertzen.
11:55 of 1st period - Wrist shot by Eric Boulton.
11:55 of 1st period - Stopped by Mathieu Garon with a rebound.
12:01 of 1st period - Wrist shot by Eric Boulton.
12:01 of 1st period - Shot Misses the Net.
12:50 of 1st period - Igor Makarov is hit by Matt Keith and loses puck.
13:03 of 1st period - Wrist shot by Matt Keith.
13:03 of 1st period - Stopped by Steve Shields without a rebound.
13:04 of 1st period - Stephane Da Costa wins face-off versus Ben Maxwell in National zone.
13:27 of 1st period - Brad Winchester is hit by Cédric Lalonde-McNicoll and loses puck.
14:06 of 1st period - Slapshot by James Wisniewski.
14:06 of 1st period - Stopped by Steve Shields without a rebound.
14:07 of 1st period - Cédric Lalonde-McNicoll wins face-off versus Angelo Esposito in National zone.
14:07 of 1st period - Minor Penalty to Angelo Esposito for Elbowing.
14:08 of 1st period - Cédric Lalonde-McNicoll wins face-off versus Brad Winchester in Machettes zone.
14:09 of 1st period - Snap shot by Guillaume Desbiens.
14:09 of 1st period - Shot Misses the Net.
14:11 of 1st period - Wrist shot by Jan Hejda.
14:11 of 1st period - Shot Blocked by Tom Gilbert.
14:21 of 1st period - Wrist shot by Guillaume Desbiens.
14:21 of 1st period - Shot Misses the Net.
14:23 of 1st period - Wrist shot by Guillaume Desbiens.
14:23 of 1st period - Shot Blocked by Mike Lundin.
14:33 of 1st period - Mike Lundin is hit by Mathieu Carle and loses puck.
14:58 of 1st period - Cédric Lalonde-McNicoll is hit by Steven Goertzen and loses puck.
15:32 of 1st period - Jan Hejda is hit by Tom Gilbert and loses puck.
15:50 of 1st period - Tom Gilbert is hit by Rico Fata and loses puck.
16:07 of 1st period - Penalty to Angelo Esposito is over, Angelo Esposito is back on ice.
16:20 of 1st period - Slapshot by Jan Hejda.
16:20 of 1st period - Shot Misses the Net.
16:30 of 1st period - Snap shot by Jarod Palmer.
16:30 of 1st period - Shot Misses the Net.
16:32 of 1st period - Slapshot by Mathieu Carle.
16:32 of 1st period - Stopped by Mathieu Garon without a rebound.
16:33 of 1st period - Cédric Lalonde-McNicoll wins face-off versus Angelo Esposito in Machettes zone.
16:34 of 1st period - Snap shot by Guillaume Desbiens.
16:34 of 1st period - Stopped by Mathieu Garon with a rebound.
16:35 of 1st period - Minor Penalty to Alex Plante for Interference.
16:36 of 1st period - Cédric Lalonde-McNicoll wins face-off versus Pavel Vorobiev in Machettes zone.
16:39 of 1st period - Snap shot by Guillaume Desbiens.
16:39 of 1st period - Stopped by Mathieu Garon without a rebound.
16:40 of 1st period - Cédric Lalonde-McNicoll wins face-off versus Brad Winchester in Machettes zone.
17:27 of 1st period - Icing by Rico Fata.
17:28 of 1st period - Brad Winchester wins face-off versus Jarod Palmer in National zone.
18:35 of 1st period - Penalty to Alex Plante is over, Alex Plante is back on ice.
19:17 of 1st period - Daniel Rahimi is hit by James Wisniewski and loses puck.
19:26 of 1st period - Wrist shot by Matt Keith.
19:26 of 1st period - Shot Blocked by Cédric Lalonde-McNicoll.
19:53 of 1st period - Philip DeSimone is hit by Peter Olvecky and loses puck.

2nd period


0:01 of 2nd period - Cédric Lalonde-McNicoll wins face-off versus John Mitchell in neutral zone.
0:25 of 2nd period - Stefan Ruzicka is hit by James Marcou and loses puck.
0:32 of 2nd period - Ben Maxwell is hit by Stefan Ruzicka and loses puck.
0:39 of 2nd period - Stefan Ruzicka is hit by Ben Maxwell and loses puck.
1:13 of 2nd period - Matt Keith is hit by Cédric Lalonde-McNicoll and loses puck.
1:34 of 2nd period - Wrist shot by Pavel Vorobiev.
1:34 of 2nd period - Stopped by Steve Shields with a rebound.
1:36 of 2nd period - Slapshot by Pavel Vorobiev.
1:36 of 2nd period - Stopped by Steve Shields with a rebound.
1:38 of 2nd period - Slapshot by John Mitchell.
1:38 of 2nd period - Goal by John Mitchell - Machettes : 1 - National : 0.
1:39 of 2nd period - Jarod Palmer wins face-off versus John Mitchell in neutral zone.
2:04 of 2nd period - Jan Hejda is hit by Mike Lundin and loses puck.
2:13 of 2nd period - Slapshot by Eric Boulton.
2:13 of 2nd period - Stopped by Mathieu Garon with a rebound.
2:31 of 2nd period - Backhand shot by Steven Goertzen.
2:31 of 2nd period - Shot Misses the Net.
2:34 of 2nd period - Icing by Ty Wishart.
2:35 of 2nd period - John Mitchell wins face-off versus Maksim Mayorov in National zone.
2:50 of 2nd period - Ben Maxwell is hit by Pavel Vorobiev and loses puck.
3:15 of 2nd period - Slapshot by Dustin Kohn.
3:15 of 2nd period - Stopped by Mathieu Garon with a rebound.
3:17 of 2nd period - Slapshot by Dustin Kohn.
3:17 of 2nd period - Stopped by Mathieu Garon with a rebound.
3:19 of 2nd period - Slapshot by Dustin Kohn.
3:19 of 2nd period - Shot Misses the Net.
3:21 of 2nd period - Wrist shot by Ben Maxwell.
3:21 of 2nd period - Shot Misses the Net.
3:23 of 2nd period - Slapshot by Ty Wishart.
3:23 of 2nd period - Shot Blocked by Andrew Orpik.
3:25 of 2nd period - Slapshot by Dustin Kohn.
3:25 of 2nd period - Stopped by Mathieu Garon with a rebound.
3:27 of 2nd period - Slapshot by Maksim Mayorov.
3:27 of 2nd period - Stopped by Mathieu Garon without a rebound.
3:28 of 2nd period - Cédric Lalonde-McNicoll wins face-off versus John Mitchell in Machettes zone.
3:39 of 2nd period - Snap shot by Guillaume Desbiens.
3:39 of 2nd period - Shot Misses the Net.
3:41 of 2nd period - Snap shot by Guillaume Desbiens.
3:41 of 2nd period - Stopped by Mathieu Garon without a rebound.
3:42 of 2nd period - John Mitchell wins face-off versus Cédric Lalonde-McNicoll in Machettes zone.
4:26 of 2nd period - Wrist shot by Guillaume Desbiens.
4:26 of 2nd period - Stopped by Mathieu Garon without a rebound.
4:27 of 2nd period - Cédric Lalonde-McNicoll wins face-off versus John Mitchell in Machettes zone.
4:34 of 2nd period - Snap shot by Eric Boulton.
4:34 of 2nd period - Stopped by Mathieu Garon with a rebound.
4:36 of 2nd period - Wrist shot by Eric Boulton.
4:36 of 2nd period - Stopped by Mathieu Garon with a rebound.
4:38 of 2nd period - Wrist shot by Eric Boulton.
4:38 of 2nd period - Stopped by Mathieu Garon with a rebound.
5:10 of 2nd period - Slapshot by Brad Winchester.
5:10 of 2nd period - Stopped by Steve Shields with a rebound.
5:12 of 2nd period - Wrist shot by Pavel Vorobiev.
5:12 of 2nd period - Stopped by Steve Shields with a rebound.
5:13 of 2nd period - Minor Penalty to Mathieu Carle for Tripping.
5:13 of 2nd period - Minor Penalty to John Mitchell for Hooking.
5:14 of 2nd period - Brad Winchester wins face-off versus Eric Boulton in National zone.
6:24 of 2nd period - Wrist shot by Igor Makarov.
6:24 of 2nd period - Deflect By Guillaume Desbiens.
6:24 of 2nd period - Stopped by Mathieu Garon without a rebound.
6:25 of 2nd period - Eric Boulton wins face-off versus Stefan Ruzicka in Machettes zone.
6:49 of 2nd period - Jan Hejda is hit by Stefan Ruzicka and loses puck.
6:58 of 2nd period - Backhand shot by Stefan Ruzicka.
6:58 of 2nd period - Shot Blocked by Jan Hejda.
7:13 of 2nd period - Penalty to Mathieu Carle is over, Mathieu Carle is back on ice.
7:13 of 2nd period - Penalty to John Mitchell is over, John Mitchell is back on ice.
7:18 of 2nd period - Slapshot by James Wisniewski.
7:18 of 2nd period - Deflect By John Mitchell.
7:18 of 2nd period - Stopped by Steve Shields with a rebound.
7:24 of 2nd period - James Wisniewski is hit by Mathieu Carle and loses puck.
7:33 of 2nd period - Slapshot by Jan Hejda.
7:33 of 2nd period - Stopped by Mathieu Garon without a rebound.
7:34 of 2nd period - Cédric Lalonde-McNicoll wins face-off versus Cory Emmerton in Machettes zone.
7:35 of 2nd period - Wrist shot by Eric Boulton.
7:35 of 2nd period - Shot Blocked by Peter Olvecky.
7:43 of 2nd period - Snap shot by Peter Olvecky.
7:43 of 2nd period - Shot Blocked by Dustin Kohn.
7:45 of 2nd period - Snap shot by Alex Plante.
7:45 of 2nd period - Stopped by Steve Shields without a rebound.
7:46 of 2nd period - Jarod Palmer wins face-off versus John Mitchell in National zone.
7:53 of 2nd period - Snap shot by Rico Fata.
7:53 of 2nd period - Shot Blocked by Tom Gilbert.
8:11 of 2nd period - Cory Emmerton is hit by Guillaume Desbiens and loses puck.
8:33 of 2nd period - Jan Hejda is hit by Tyler McNeely and loses puck.
8:56 of 2nd period - Icing by Andrew Orpik.
8:57 of 2nd period - Angelo Esposito wins face-off versus Jarod Palmer in Machettes zone.
9:21 of 2nd period - Pavel Vorobiev is hit by Guillaume Desbiens and loses puck.
9:26 of 2nd period - Wrist shot by Eric Boulton.
9:26 of 2nd period - Stopped by Mathieu Garon without a rebound.
9:27 of 2nd period - Pavel Vorobiev wins face-off versus Cédric Lalonde-McNicoll in Machettes zone.
9:27 of 2nd period - Pavel Vorobiev is hit by Guillaume Desbiens.
9:35 of 2nd period - Snap shot by John Mitchell.
9:35 of 2nd period - Shot Misses the Net.
9:53 of 2nd period - Rico Fata is hit by Cory Emmerton and loses puck.
9:57 of 2nd period - Minor Penalty to Jarod Palmer for Hooking.
9:58 of 2nd period - John Mitchell wins face-off versus Eric Boulton in National zone.
11:57 of 2nd period - Penalty to Jarod Palmer is over, Jarod Palmer is back on ice.
12:34 of 2nd period - Ty Wishart is hit by Mike Lundin and loses puck.
12:58 of 2nd period - Wrist shot by Jan Hejda.
12:58 of 2nd period - Shot Misses the Net.
13:00 of 2nd period - Wrist shot by Rico Fata.
13:00 of 2nd period - Shot Misses the Net.
13:02 of 2nd period - Snap shot by Igor Makarov.
13:02 of 2nd period - Goal by Igor Makarov - Machettes : 1 - National : 1.
13:03 of 2nd period - John Mitchell wins face-off versus Jarod Palmer in neutral zone.
13:08 of 2nd period - Wrist shot by Pavel Vorobiev.
13:08 of 2nd period - Stopped by Steve Shields with a rebound.
14:38 of 2nd period - Jarod Palmer is hit by Stefan Ruzicka and loses puck.
15:43 of 2nd period - Wrist shot by Matt Keith.
15:43 of 2nd period - Goal by Matt Keith - Machettes : 2 - National : 1.
15:44 of 2nd period - Jarod Palmer wins face-off versus John Mitchell in neutral zone.
15:53 of 2nd period - Icing by Jan Hejda.
15:54 of 2nd period - John Mitchell wins face-off versus Jarod Palmer in National zone.
16:02 of 2nd period - Snap shot by Brad Winchester.
16:02 of 2nd period - Stopped by Steve Shields without a rebound.
16:03 of 2nd period - Cédric Lalonde-McNicoll wins face-off versus Brad Winchester in National zone.
16:29 of 2nd period - Mike Lundin is hit by Jan Hejda and loses puck.
16:48 of 2nd period - Maksim Mayorov is hit by Pavel Vorobiev and loses puck.
16:49 of 2nd period - Maksim Mayorov from National is injured at 16:49 of 2nd period (Sprained Left Knee).
16:50 of 2nd period - John Mitchell wins face-off versus Cédric Lalonde-McNicoll in National zone.
16:57 of 2nd period - Wrist shot by Brad Winchester.
16:57 of 2nd period - Shot Misses the Net.
17:31 of 2nd period - Wrist shot by Brad Winchester.
17:31 of 2nd period - Shot Misses the Net.
17:33 of 2nd period - Slapshot by Mike Lundin.
17:33 of 2nd period - Stopped by Steve Shields without a rebound.
17:34 of 2nd period - Cory Emmerton wins face-off versus Cédric Lalonde-McNicoll in National zone.
17:44 of 2nd period - Minor Penalty to Mathieu Carle for Roughing.
17:45 of 2nd period - John Mitchell wins face-off versus Eric Boulton in National zone.
18:10 of 2nd period - Eric Boulton is hit by Peter Olvecky.
19:44 of 2nd period - Penalty to Mathieu Carle is over, Mathieu Carle is back on ice.

3rd period


0:01 of 3rd period - Cédric Lalonde-McNicoll wins face-off versus John Mitchell in neutral zone.
0:01 of 3rd period - Guillaume Desbiens is hit by Brad Winchester and loses puck.
0:06 of 3rd period - Snap shot by Guillaume Desbiens.
0:06 of 3rd period - Shot Hit the Post.
0:08 of 3rd period - Slapshot by Jan Hejda.
0:08 of 3rd period - Shot Misses the Net.
0:10 of 3rd period - Slapshot by Jan Hejda.
0:10 of 3rd period - Shot Misses the Net.
0:12 of 3rd period - Wrist shot by Cédric Lalonde-McNicoll.
0:12 of 3rd period - Shot Misses the Net.
0:39 of 3rd period - Icing by Dustin Kohn.
0:40 of 3rd period - Jarod Palmer wins face-off versus John Mitchell in National zone.
1:07 of 3rd period - Snap shot by Rico Fata.
1:07 of 3rd period - Shot Misses the Net.
1:09 of 3rd period - Wrist shot by Jarod Palmer.
1:09 of 3rd period - Stopped by Mathieu Garon with a rebound.
1:11 of 3rd period - Wrist shot by Jarod Palmer.
1:11 of 3rd period - Shot Misses the Net.
1:17 of 3rd period - Snap shot by Rico Fata.
1:17 of 3rd period - Stopped by Mathieu Garon with a rebound.
1:19 of 3rd period - Snap shot by Rico Fata.
1:19 of 3rd period - Shot Blocked by Stefan Ruzicka.
1:21 of 3rd period - Wrist shot by Ty Wishart.
1:21 of 3rd period - Deflect By Igor Makarov.
1:21 of 3rd period - Shot Blocked by Cory Emmerton.
1:21 of 3rd period - Puck is out of play.
1:22 of 3rd period - John Mitchell wins face-off versus Cédric Lalonde-McNicoll in Machettes zone.
1:29 of 3rd period - Slapshot by Jan Hejda.
1:29 of 3rd period - Deflect By Cédric Lalonde-McNicoll.
1:29 of 3rd period - Shot Blocked by John Mitchell.
1:29 of 3rd period - Puck is out of play.
1:30 of 3rd period - John Mitchell wins face-off versus Cédric Lalonde-McNicoll in Machettes zone.
1:45 of 3rd period - Slapshot by Eric Boulton.
1:45 of 3rd period - Stopped by Mathieu Garon without a rebound.
1:46 of 3rd period - Stefan Ruzicka wins face-off versus Jarod Palmer in Machettes zone.
2:12 of 3rd period - Mike Lundin is hit by Eric Boulton and loses puck.
2:19 of 3rd period - Snap shot by Eric Boulton.
2:19 of 3rd period - Stopped by Mathieu Garon with a rebound.
2:44 of 3rd period - Wrist shot by Dustin Kohn.
2:44 of 3rd period - Shot Misses the Net.
3:16 of 3rd period - Snap shot by Stefan Ruzicka.
3:16 of 3rd period - Stopped by Steve Shields with a rebound.
3:18 of 3rd period - Slapshot by Stefan Ruzicka.
3:18 of 3rd period - Stopped by Steve Shields with a rebound.
3:20 of 3rd period - Slapshot by James Wisniewski.
3:20 of 3rd period - Shot Blocked by Guillaume Desbiens.
3:22 of 3rd period - Slapshot by Andrew Orpik.
3:22 of 3rd period - Stopped by Steve Shields without a rebound.
3:23 of 3rd period - Cory Emmerton wins face-off versus Jarod Palmer in National zone.
3:28 of 3rd period - Snap shot by Stefan Ruzicka.
3:28 of 3rd period - Shot Blocked by Jan Hejda.
3:30 of 3rd period - Snap shot by Stefan Ruzicka.
3:30 of 3rd period - Shot Blocked by Rico Fata.
3:58 of 3rd period - Snap shot by Jan Hejda.
3:58 of 3rd period - Deflect By Ben Maxwell.
3:58 of 3rd period - Stopped by Mathieu Garon with a rebound.
4:10 of 3rd period - Eric Boulton is hit by Pavel Vorobiev and loses puck.
4:40 of 3rd period - Stephane Da Costa is hit by Rico Fata and loses puck.
4:59 of 3rd period - Andrew Orpik is hit by Philip DeSimone and loses puck.
5:59 of 3rd period - Backhand shot by Pavel Vorobiev.
5:59 of 3rd period - Shot Misses the Net.
7:11 of 3rd period - Daniel Rahimi is hit by Tom Gilbert and loses puck.
7:34 of 3rd period - Slapshot by James Wisniewski.
7:34 of 3rd period - Shot Misses the Net.
8:09 of 3rd period - Slapshot by Matt Keith.
8:09 of 3rd period - Shot Misses the Net.
8:11 of 3rd period - Slapshot by Matt Keith.
8:11 of 3rd period - Stopped by Steve Shields with a rebound.
8:31 of 3rd period - Snap shot by Steven Goertzen.
8:31 of 3rd period - Shot Misses the Net.
8:41 of 3rd period - Jarod Palmer is hit by Cory Emmerton and loses puck.
8:46 of 3rd period - Snap shot by Stefan Ruzicka.
8:46 of 3rd period - Shot Misses the Net.
8:48 of 3rd period - Slapshot by Mike Lundin.
8:48 of 3rd period - Stopped by Steve Shields without a rebound.
8:49 of 3rd period - Ben Maxwell wins face-off versus John Mitchell in National zone.
8:58 of 3rd period - Snap shot by Brad Winchester.
8:58 of 3rd period - Stopped by Steve Shields with a rebound.
9:24 of 3rd period - Slapshot by Andrew Orpik.
9:24 of 3rd period - Stopped by Steve Shields with a rebound.
9:26 of 3rd period - Slapshot by James Wisniewski.
9:26 of 3rd period - Stopped by Steve Shields with a rebound.
9:28 of 3rd period - Slapshot by James Wisniewski.
9:28 of 3rd period - Deflect By Dustin Kohn.
9:28 of 3rd period - Stopped by Steve Shields with a rebound.
9:30 of 3rd period - Wrist shot by Tyler McNeely.
9:30 of 3rd period - Deflect By Steven Goertzen.
9:30 of 3rd period - Deflect By Dustin Kohn.
9:30 of 3rd period - Stopped by Steve Shields without a rebound.
9:31 of 3rd period - John Mitchell wins face-off versus Rico Fata in National zone.
9:46 of 3rd period - Snap shot by Guillaume Desbiens.
9:46 of 3rd period - Stopped by Mathieu Garon without a rebound.
9:47 of 3rd period - Stefan Ruzicka wins face-off versus Cédric Lalonde-McNicoll in Machettes zone.
9:47 of 3rd period - Stefan Ruzicka is hit by Jan Hejda.
10:18 of 3rd period - Mike Lundin is hit by Ben Maxwell and loses puck.
10:28 of 3rd period - Icing by Mike Lundin.
10:29 of 3rd period - Jarod Palmer wins face-off versus Stephane Da Costa in Machettes zone.
11:04 of 3rd period - Snap shot by Eric Boulton.
11:04 of 3rd period - Shot Misses the Net.
11:14 of 3rd period - Snap shot by Pavel Vorobiev.
11:14 of 3rd period - Shot Blocked by Dustin Kohn.
11:42 of 3rd period - Backhand shot by Igor Makarov.
11:42 of 3rd period - Shot Blocked by James Wisniewski.
12:45 of 3rd period - Guillaume Desbiens is hit by Cory Emmerton and loses puck.
12:50 of 3rd period - Snap shot by Peter Olvecky.
12:50 of 3rd period - Stopped by Steve Shields with a rebound.
13:47 of 3rd period - Minor Penalty to James Marcou for Hooking.
13:48 of 3rd period - John Mitchell wins face-off versus Eric Boulton in National zone.
13:53 of 3rd period - Snap shot by Pavel Vorobiev.
13:53 of 3rd period - Shot Misses the Net.
14:01 of 3rd period - Snap shot by Pavel Vorobiev.
14:01 of 3rd period - Shot Misses the Net.
14:03 of 3rd period - Slapshot by Tom Gilbert.
14:03 of 3rd period - Deflect By Brad Winchester.
14:03 of 3rd period - Stopped by Steve Shields without a rebound.
14:04 of 3rd period - John Mitchell wins face-off versus Eric Boulton in National zone.
14:43 of 3rd period - Wrist shot by Guillaume Desbiens.
14:43 of 3rd period - Shot Misses the Net.
14:45 of 3rd period - Slapshot by Igor Makarov.
14:45 of 3rd period - Stopped by Mathieu Garon with a rebound.
14:47 of 3rd period - Slapshot by Dustin Kohn.
14:47 of 3rd period - Stopped by Mathieu Garon with a rebound.
15:47 of 3rd period - Penalty to James Marcou is over, James Marcou is back on ice.
15:57 of 3rd period - Wrist shot by Steven Goertzen.
15:57 of 3rd period - Stopped by Steve Shields with a rebound.
15:59 of 3rd period - Slapshot by Alex Plante.
15:59 of 3rd period - Shot Blocked by James Marcou.
16:01 of 3rd period - Wrist shot by Tyler McNeely.
16:01 of 3rd period - Shot Misses the Net.
16:03 of 3rd period - Slapshot by Alex Plante.
16:03 of 3rd period - Shot Misses the Net.
18:09 of 3rd period - Stefan Ruzicka is hit by Jan Hejda.
18:55 of 3rd period - Eric Boulton is hit by Mike Lundin.
19:01 of 3rd period - Jan Hejda is hit by Mike Lundin and loses puck.
19:10 of 3rd period - National, Steve Shields is pulled from the net.
19:14 of 3rd period - Snap shot by Jan Hejda.
19:14 of 3rd period - Stopped by Mathieu Garon with a rebound.
19:16 of 3rd period - Slapshot by Daniel Rahimi.
19:16 of 3rd period - Shot Misses the Net.
19:18 of 3rd period - Snap shot by Daniel Rahimi.
19:18 of 3rd period - Deflect By Tom Gilbert.
19:18 of 3rd period - Stopped by Mathieu Garon with a rebound.
19:20 of 3rd period - Wrist shot by Daniel Rahimi.
19:20 of 3rd period - Stopped by Mathieu Garon without a rebound.
19:21 of 3rd period - Ron Wilson call a timeout for National.
19:21 of 3rd period - John Mitchell wins face-off versus Cédric Lalonde-McNicoll in Machettes zone.
19:29 of 3rd period - Icing by Mike Lundin.
19:30 of 3rd period - John Mitchell wins face-off versus Cédric Lalonde-McNicoll in Machettes zone.
19:58 of 3rd period - Wrist shot by Tom Gilbert.
19:58 of 3rd period - Shot Misses the Net.


Output by the SimonT Hockey Simulator (STHS) for François Prévost -- Original Page W3C XHTML 1.0 Valid
Hockey Simulator - Hockey Simulation - Hockey Manager